 Dungeon Crawl Stone Soup version 0.27.0-1-g7a089689b8 (webtiles) character file.

Game seed: 1690841566693888102

60 selver the Conjurer (level 3, -2/24 HPs)
             Began as a Demonspawn Hedge Wizard on Aug 17, 2021.
             Slain by a gnoll (4 damage)
             ... on level 2 of the Dungeon.
             The game lasted 00:05:20 (3067 turns).

selver the Conjurer (Demonspawn Hedge Wizard)       Turns: 3067, Time: 00:05:20

Health: -2/24      AC:  4    Str: 10    XL:     3   Next: 80%
Magic:  4/7        EV: 12    Int: 16    God:
Gold:   110        SH:  0    Dex: 12    Spells: 7/8 levels left

rFire    . . .     SeeInvis .   a - +0 dagger
rCold    . . .     Faith    .   (no shield)
rNeg     . . .     Spirit   .   b - +0 robe
rPois    .         Reflect  .   c - +0 hat
rElec    .         Harm     .   g - scarf {repulsion}
rCorr    .         Rampage  .   (no gloves)
Will     .....                  (no boots)
Stlth    ++........             (no amulet)
HPRegen  0.08/turn              (no ring)
MPRegen  0.10/turn              (no ring)

@: repel missiles
A: claws 1, slimy green scales 1
a: no special abilities


You were on level 2 of the Dungeon.
You visited 1 branch of the dungeon, and saw 2 of its levels.

You collected 110 gold pieces.

Inventory:

Hand Weapons
 a - a +0 dagger (weapon)
Armour
 b - a +0 robe (worn)
 c - a +0 hat (worn)
 g - a scarf of repulsion (worn)
Magical Staves
 f - a staff of fire
Scrolls
 d - a scroll of identify
 e - 2 scrolls of enchant weapon
 i - a scroll of fear {unknown}


   Skills:
 - Level 1.7 Dodging
 - Level 1.7 Stealth
 - Level 3.0 Spellcasting
 + Level 3.7 Conjurations
 - Level 1.0 Summonings
 - Level 0.8 Translocations


You had 7 spell levels left.
You knew the following spells:

 Your Spells              Type           Power      Damage    Failure   Level
a - Magic Dart            Conj           56%        1d5       4%          1

Your spell library contained the following spells:

 Spells                   Type           Power      Damage    Failure   Level
 Call Imp                 Summ           5%         N/A       19%         2
 Blink                    Tloc           N/A        N/A       21%         2
 Conjure Flame            Conj/Fire      8%         6-21      26%         3
 Slow                     Hex            2%         N/A       28%         2
 Mephitic Cloud           Conj/Pois/Air  6%         N/A       32%         3


Dungeon Overview and Level Annotations

Branches:
Dungeon (2/15)

Altars:


Innate Abilities, Weirdness & Mutations

You have sharp fingernails.
You are partially covered in slimy green scales. (AC +2)


Message History

Aim: a gnoll, wielding a +0 spear (lightly wounded, 100% to hit)
The magic dart hits the gnoll.
The gnoll is moderately wounded.
The gnoll hits you from afar with a +0 spear.
The gnoll hits you from afar with a +0 spear.
There is a stone staircase leading down here.
Casting: Magic Dart (safe; 4% risk of failure)
Confirm with . or Enter, or press ? or * to list all spells.
Aiming: Magic Dart (safe; 4% risk of failure)
Press: ? - help, Shift-Dir - straight line, f/p - gnoll
Aim: a gnoll, wielding a +0 spear (moderately wounded, 100% to hit)
The magic dart hits the gnoll but does no damage.
The gnoll is moderately wounded.
Casting: Magic Dart (safe; 4% risk of failure)
Confirm with . or Enter, or press ? or * to list all spells.
Aiming: Magic Dart (safe; 4% risk of failure)
Press: ? - help, Shift-Dir - straight line, f/p - gnoll
Aim: a gnoll, wielding a +0 spear (moderately wounded, 100% to hit)
The magic dart hits the gnoll.
The gnoll is severely wounded.
The gnoll hits you from afar with a +0 spear.
The jackal bites you.
The gnoll hits you from afar with a +0 spear.
The jackal bites you.
* * * LOW HITPOINT WARNING * * *
You aren't carrying any potions.
The jackal misses you. The jackal closely misses you.
As you read the scroll labelled FADINEJUIR, it crumbles to dust.
It is a scroll of identify.
e - 2 scrolls of enchant weapon The jackal bites you but does no damage.
The gnoll hits you from afar with a +0 spear.
* * * LOW HITPOINT WARNING * * *
As you read the scroll labelled BAMUKLOONU, it crumbles to dust.
You hear a loud clanging noise!
It was a scroll of noise.
The jackal bites you.
* * * LOW HITPOINT WARNING * * *
The gnoll hits you from afar with a +0 spear.
You die...

#....##.##............(..##
#######.##...........###..##
+...#...##..........## ##.>#
#..h###.............######.###
+.. ###....................#
####'#### #...........)........#
#..P.P..# ##...................#
#.......# #....................
####.#### ##.#@...........<....
#h# ####gh.##........#..### #.#
##.....####..#...[......
#.#####....### #..##.#.##..##
#....>...### #...#.#.###.##
###......# ###.....# #.# #......#
#####..#.# #.#
######...(..#######........###.#
..............>.....##.........##


You could see a gnoll and a jackal.

Vanquished Creatures
  An adder (D:2)
  2 worms (D:2)
  A dart slug (D:1)
  5 ball pythons
  7 endoplasms
  4 hobgoblins (D:1)
  2 kobolds (D:1)
  A quokka (D:2)
  4 bats
  A frilled lizard (D:2)
  8 goblins
  3 rats
39 creatures vanquished.

Vanquished Creatures (others)
  A plant (D:1)
1 creature vanquished.

Grand Total: 40 creatures vanquished

Notes
Turn   | Place    | Note
-------+----------+-------------------------------------------
     0 | D:1      | selver the Demonspawn Hedge Wizard began the quest for the
                  | Orb.
     0 | D:1      | Reached XP level 1. HP: 13/13 MP: 4/4
   839 | D:1      | Gained mutation: You have sharp fingernails. [demonic
                  | ancestry]
   839 | D:1      | Reached XP level 2. HP: 19/19 MP: 0/6
  1611 | D:1      | Gained mutation: You are partially covered in slimy green
                  | scales. (AC +2) [demonic ancestry]
  1611 | D:1      | Reached XP level 3. HP: 20/24 MP: 2/7
  2742 | D:2      | Found a faded altar of an unknown god.
  3067 | D:2      | Slain by a gnoll

Illustrated notes

Levels and vault maps discovered:
D:1:      roderic_crop_circles_arrival_small, layout_loops_corners
D:2:      layout_rooms, shapermc_ecumenical_altar_acropolis,
          cheibrodos_gnoll_hut

Skill      XL: |  1  2 |
---------------+-------+-----
Conjurations   | 2 3 |  3.7
Dodging        | |  1.7
Stealth        | |  1.7
Spellcasting   | |  3.0
Summonings     | |  1.0
Translocations | |  0.8

Action                   || total
-------------------------++-------
Melee: Dagger            ||    83
 Cast: Magic Dart        ||    95
  Use: Scroll            ||     2
Armor: Robe              ||    27
Dodge: Dodged            ||    52
